 Dungeon Crawl Stone Soup version 0.29.1-15-g9cfb28693d (webtiles) character file.

Game seed: 100382962528503552

49 protoss039 the Digger (level 3, -3/26 HPs)
             Began as a Demonspawn Earth Elementalist on Mar 12, 2023.
             Killed by nerve-wracking pain
             ... invoked by an orc priest
              (8 damage)
             ... on level 3 of the Dungeon.
             The game lasted 00:03:09 (1853 turns).

protoss039 the Digger (DsEE)                        Turns: 1853, Time: 00:03:09

Health: -3/26      AC: 11    Str:  8    XL:     3   Next: 51%
Magic:  4/6        EV:  9    Int: 18    God:
Gold:   143        SH:  9    Dex: 13    Spells: 1/7 levels left

rFire   . . .      SeeInvis .   h - +0 short sword
rCold   . . .      Faith    .   p - +2 kite shield
rNeg    . . .      Spirit   .   n - +0 leather armour
rPois   .          Reflect  .   (no helmet)
rElec   .          Harm     .   (no cloak)
rCorr   .          Rampage  .   e - +1 pair of gloves
Will    +....                   (no boots)
Stlth   ++........              (no amulet)
HPRegen 0.08/turn               f - ring of willpower
MPRegen 0.10/turn               (no ring)

@: sanguine armoured
A: sanguine armour 1
a: no special abilities


You were on level 3 of the Dungeon.
You visited 1 branch of the dungeon, and saw 3 of its levels.

You collected 143 gold pieces.

Inventory:

Hand Weapons
 h - a +0 short sword (weapon)
Armour
 e - a +1 pair of gloves (worn)
 n - a +0 leather armour (worn)
 p - a +2 kite shield (worn)
Jewellery
 f - a ring of willpower (left hand)
Scrolls
 a - a scroll of enchant armour {unknown}
 d - 5 scrolls of identify {unknown}
 i - a scroll of fear {unknown}
 m - a scroll of teleportation {unknown}
Potions
 b - a potion of magic
 c - a potion of haste {unknown}
 g - a potion of lignification {unknown}
 j - a potion of might {unknown}
 k - a potion of mutation {unknown}
 l - 3 potions of curing {unknown}
 o - 2 potions of cancellation {unknown}


   Skills:
 * Level 1.5 Fighting
 * Level 0.1 Armour
 - Level 1.7 Dodging
 - Level 1.7 Stealth
 * Level 0.2 Shields
 + Level 2.5 Spellcasting
 + Level 0.2 Conjurations
 - Level 0.8 Transmutations
 + Level 3.2 Earth Magic


You had one spell level left.
You knew the following spells:

 Your Spells              Type           Power      Damage    Failure   Level
a - Sandblast             Erth           26%        2d8       24%         1
b - Passwall              Tmut/Erth      7%         N/A       50%         2
c - Stone Arrow           Conj/Erth      16%        3d8       78%         3

Your spell library contained the following spells:

 Spells                   Type           Power      Damage    Failure   Level
 Gell's Gravitas          Tloc           2%         N/A       95%         3
 Teleport Other           Tloc           2%         N/A       95%         3
 Petrify                  Tmut/Erth      9%         N/A       98%         4
 Dispersal                Tloc           1%         N/A       100%        6
 Malign Gateway           Summ/Tloc      1%         N/A       100%        7
 Summon Horrible Things   Summ           1%         N/A       100%        8


Dungeon Overview and Level Annotations

Branches:
Dungeon (3/15) Zot: 16122

Altars:

Annotations:
D:2 Terence


Innate Abilities, Weirdness & Mutations

When seriously injured, your blood forms armour. (AC +6)


Message History

The ball python bites you. The ball python barely misses you.
A ball python is nearby!
You hit the ball python.
You kill the ball python!
No target in view!
You now have 143 gold pieces (gained 18).
An orc comes into view. It is wielding a +0 whip.
Found a helmet.
An orc is nearby!
An orc is nearby!
An orc wizard comes into view. It is wielding a +2 dagger of venom.
The orc shouts!
You hear a shout! x3; The orc wizard shouts!
An orc priest comes into view. It is wielding a +0 club.
There are monsters nearby! 2 orcs come into view.
The orc shouts! x2
You block the orc's attack.
You closely miss the orc. The orc hits you with a +0 whip.
Casting: Sandblast (safe; 24% risk of failure)
Confirm with . or Enter, or press ? or * to list all spells.
Aiming: Sandblast (safe; 24% risk of failure)
Press: ? - help, Shift-Dir - straight line, f - orc priest
Aim: an orc priest, wielding a +0 club and wearing a +0 ring mail (84% to hit)
The blast of sand hits the orc priest.
The orc priest is moderately wounded.
The orc barely misses you.
The orc priest invokes the aid of Beogh against you.
Beogh smites you!
Your blood congeals into armour.
Unknown command.
Casting: Sandblast (safe; 24% risk of failure)
Confirm with . or Enter, or press ? or * to list all spells.
Aiming: Sandblast (safe; 24% risk of failure)
Press: ? - help, Shift-Dir - straight line, f/p - orc priest
Aim: an orc priest, wielding a +0 club and wearing a +0 ring mail (moderately wounded, 84% to hit)
The blast of sand misses the orc priest.
The orc hits you with a +0 whip.
* * * LOW HITPOINT WARNING * * *
The orc priest mumbles some strange prayers to Beogh against you.
Pain shoots through your body!
You die...

... ..#.# ..# #.#.# ## #.#
#.#.# ... #.# #.#.# ##.. #.#
#.#.# #.... #.########.#.#
.....o##[#........#.####
#....oo@...#...........†
#.....o#!..#.###.......#
.......###########......
#................#.###.#
........................
.########..#.........#.#......
.........................#....
###...........######.##.#.#....
.............'.........#.#....


You could see an orc priest, an orc wizard and 2 orcs.

Vanquished Creatures
  2 adders
  An orc (D:3)
  2 endoplasms
  A goblin (D:1)
  2 hobgoblins
  2 quokkas (D:2)
  5 ball pythons
  3 bats
  9 frilled lizards
  3 kobolds (D:1)
  3 rats
33 creatures vanquished.

Vanquished Creatures (others)
  10 plants (D:1)
  2 withered plants (D:3)
12 creatures vanquished.

Grand Total: 45 creatures vanquished

Notes
Turn   | Place    | Note
-------+----------+-------------------------------------------
     0 | D:1      | protoss039 the Demonspawn Earth Elementalist began the
                  | quest for the Orb.
     0 | D:1      | Reached XP level 1. HP: 13/13 MP: 3/3
   461 | D:1      | Gained mutation: When seriously injured, your blood forms
                  | armour. (AC +6) [demonic ancestry]
   461 | D:1      | Reached XP level 2. HP: 20/20 MP: 3/5
   533 | D:1      | Reached skill level 1 in Fighting
   737 | D:1      | Reached skill level 3 in Earth Magic
   981 | D:1      | Learned a level 2 spell: Passwall
  1271 | D:2      | Reached XP level 3. HP: 26/26 MP: 2/6
  1322 | D:2      | Noticed Terence
  1698 | D:3      | Learned a level 3 spell: Stone Arrow
  1853 | D:3      | Killed from afar by an orc priest

Illustrated notes

Levels and vault maps discovered:
D:1:      onia_arrival_pyramid, layout_rooms, serial_curves, eino_curves_02,
          eino_curves_02, minmay_misc_feat_five, minmay_statues_item,
          chequers_serial_rivers_small_b, minmay_lizard_king
D:2:      layout_loops_cross, nicolae_concentric_dashed_squares_mild,
          minmay_misc_feat_nine_boxes, nicolae_figureground_pulse,
          uniq_crazy_yiuf_cottage, uniq_terence
D:3:      layout_basic, ebering_ecumenical_altar_petrified, minmay_crystal_room,
          chequers_serial_rivers_micro_a, minmay_misc_feat_cross

Skill      XL: |  1  2 |
---------------+-------+-----
Fighting       | 1 |  1.5
Earth Magic    | 3 |  3.2
Armour         | |  0.1
Dodging        | |  1.7
Stealth        | |  1.7
Shields        | |  0.2
Spellcasting   | |  2.5
Conjurations   | |  0.2
Transmutations | |  0.8

Action                   || total
-------------------------++-------
Melee: Short sword       ||    57
       Whip              ||     2
       Punch             ||     1
 Cast: Sandblast         ||    32
Armor: Robe              ||    19
       Leather armour    ||     6
Dodge: Dodged            ||    45
Block: Kite shield       ||     3
